 Dungeon Crawl Stone Soup version 0.28.0-53-g5a82cb258f (webtiles) character file.

Game seed: 4701717691379749083

144 Gabide the Shooter (level 5, -3/48 HPs)
             Began as a Deep Elf Hunter on June 18, 2022.
             Killed by nerve-wracking pain
             ... invoked by an orc priest
              (8 damage)
             ... on level 3 of the Dungeon.
             The game lasted 00:05:24 (3267 turns).

Gabide the Shooter (Deep Elf Hunter)                Turns: 3267, Time: 00:05:25

Health: -3/48      AC:  4    Str: 11    XL:     5   Next: 5%
Magic:  7/7        EV: 12    Int: 16    God:
Gold:   24         SH:  0    Dex: 15    Spells: 4/4 levels left

rFire   . . .      SeeInvis .   b - +0 short sword
rCold   . . .      Faith    .   (no shield)
rNeg    . . .      Spirit   .   c - +0 leather armour
rPois   .          Reflect  .   (no helmet)
rElec   .          Harm     .   o - +0 cloak
rCorr   .          Rampage  .   (no gloves)
Will    .....                   (no boots)
Stlth   ..........              (no amulet)
HPRegen 0.16/turn               (no ring)
MPRegen 0.10/turn               (no ring)

@: berserking, very quick
A: no striking features
a: no special abilities


You were on level 3 of the Dungeon.
You visited 1 branch of the dungeon, and saw 3 of its levels.

You collected 132 gold pieces.
You spent 108 gold pieces at shops.

Inventory:

Hand Weapons
 a - a +1 shortbow
 b - a +0 short sword (weapon)
Missiles
 d - 4 arrows
Armour
 c - a +0 leather armour (worn)
 o - a +0 cloak (worn)
Jewellery
 p - an amulet of reflection
Scrolls
 e - a scroll of fog {unknown}
 g - 3 scrolls of magic mapping {unknown}
 h - 2 scrolls of teleportation
 j - a scroll of enchant armour {unknown}
 l - a scroll of blinking {unknown}
 n - a scroll of identify {unknown}
Potions
 f - 3 potions of flight
 k - a potion of curing
 q - a potion of haste {unknown}


   Skills:
 + Level 3.2 Fighting
 + Level 7.0 Bows
 - Level 2.4 Dodging
 - Level 1.2 Stealth


You had 4 spell levels left.
You didn't know any spells.
Your spell library contained the following spells:

 Spells                   Type           Power      Damage    Failure   Level
 Tukima's Dance           Hex            0%         N/A       69%         3
 Anguish                  Hex/Necr       0%         N/A       97%         4
 Enfeeble                 Hex            0%         N/A       100%        7


Dungeon Overview and Level Annotations

Branches:
Dungeon (3/15)

Altars:

Shops:
D:2 !

Annotations:
D:3 1 runed translucent door, daodarkstar's ghost, amateur DsFi


Message History

The orc wizard points at you and mumbles some strange words.
You are confused.
You're too confused to move!
You feel better.
The orc wizard hits you with a +0 dagger.
The orc priest calls down the wrath of Beogh upon you.
Beogh smites you!
You hear a shout!
The orc priest begins to cast a cantrip, but forgets the words!
Fire: 7 arrows
Press: ? - help, Q - select action Shift-Dir - straight line, f/p - orc wizard
Aim: an orc wizard, wielding a +0 dagger and wearing a +0 robe (severely wounded, 58% to hit)
You shoot an arrow. The arrow hits the orc wizard.
The orc wizard is severely wounded.
The orc wizard casts a spell.
The orc wizard flickers and vanishes!
Fire: 6 arrows
Press: ? - help, Q - select action Shift-Dir - straight line You shoot an arrow.
You hear some strange, mumbled words.
A puff of flame appears from out of thin air!
The puff of flame hits you.
Fire: 5 arrows
Press: ? - help, Q - select action Shift-Dir - straight line You shoot an arrow.
Something hits you.
* * * LOW HITPOINT WARNING * * *
It was a potion of berserk rage.
A red film seems to cover your vision as you go berserk!
You feel yourself moving faster!
You feel mighty!
You hear some strange, mumbled words.
A puff of flame appears from out of thin air!
The puff of flame hits you!
* * * LOW HITPOINT WARNING * * *
b - a +0 short sword (weapon)
You feel a strong urge to attack something.
You closely miss something.
The orc priest calls down the wrath of Beogh upon you.
Pain shoots through your body!
You die...

#.# #.........# #.#
#.........# #.#
#.........####.######
#............≈......# ##
#.........##≈≈.≈≈##.# ..
#.........##≈≈.≈≈##)# ..
#.......o.≈≈..≈..≈≈.# ##
##
#......@(.≈≈..(..≈≈.###.
#.###.###.≈≈.........##.
# #.≈≈.....≈≈.....
#.≈≈.....≈≈.###.
#o##≈≈≈≈≈##.# #.
#{##≈≈≈≈≈##.# #.
###.###.........≈.# #.
..{.o(..#.......### #.
#o.(####.........####.


You could see an orc priest.

Vanquished Creatures
  5 adders
  A river rat (D:3)
  3 worms (D:3)
  3 dart slugs
  An orc (D:3)
  3 ball pythons
  4 endoplasms
  5 giant cockroaches
  7 goblins
  7 hobgoblins
  2 jackals (D:1)
  8 kobolds
  5 quokkas
  6 bats
  5 frilled lizards
  7 rats
72 creatures vanquished.

Vanquished Creatures (others)
  A demonic plant (D:3)
  2 withered plants (D:3)
3 creatures vanquished.

Grand Total: 75 creatures vanquished

Notes
Turn   | Place    | Note
-------+----------+-------------------------------------------
     0 | D:1      | Gabide the Deep Elf Hunter began the quest for the Orb.
     0 | D:1      | Reached XP level 1. HP: 12/12 MP: 3/3
    76 | D:1      | Reached XP level 2. HP: 14/17 MP: 4/4
   695 | D:2      | Reached skill level 6 in Bows
   703 | D:2      | Reached XP level 3. HP: 16/21 MP: 5/5
   801 | D:2      | Found Muja's Distillery.
   812 | D:2      | Bought a potion of lignification for 36 gold pieces
   812 | D:2      | Bought a potion of curing for 36 gold pieces
   812 | D:2      | Bought a potion of flight for 36 gold pieces
  1507 | D:2      | Reached XP level 4. HP: 18/27 MP: 6/6
  2161 | D:3      | Found a runed translucent door.
  2161 | D:3      | Noticed daodarkstar's ghost (amateur DsFi)
  3004 | D:3      | Reached skill level 7 in Bows
  3081 | D:3      | Reached XP level 5. HP: 21/32 MP: 7/7
  3267 | D:3      | Killed from afar by an orc priest

Illustrated notes

Levels and vault maps discovered:
D:1:      lordsloth_arrival_two_stooges, layout_basic, serial_park_tiny_1,
          nrook_loot_triangle
D:2:      layout_basic, serial_shops, nicolae_shop_waterfront
D:3:      layout_loops_corners, dreamdust_ecumenical_altar_sealed_demon,
          cheibrodos_sewer_entry_sluice, gammafunk_ghost_grave, minmay_pentangle

Skill      XL: |  1  2  3  4 |
---------------+-------------+-----
Fighting       | 2 3 |  3.2
Bows           | 6 7 |  7.0
Dodging        | |  2.4
Stealth        | |  1.2

Action                   |  1- 3 |  4- 6 || total
-------------------------+-------+-------++-------
Melee: Short sword       |    24 |    49 ||    73
       Unarmed           |       |     7 ||     7
       Punch             |       |     1 ||     1
 Fire: Shortbow          |    70 |    71 ||   141
  Use: Potion            |       |     4 ||     4
       Scroll            |       |     1 ||     1
Armor: Leather armour    |    10 |    24 ||    34
       Skin              |       |     4 ||     4
Dodge: Dodged            |    21 |    44 ||    65
